 Dungeon Crawl Stone Soup version 0.22.1-2-g9c5b331383 (webtiles) character file.

296 Gargoyl the Skirmisher (level 6, -12/52 HPs)
             Began as a Centaur Abyssal Knight on Dec 26, 2018.
             Was a Believer of Lugonu.
             Mangled by an ogre
             ... wielding a +0 giant club
              (16 damage)
             ... on level 5 of the Dungeon.
             The game lasted 00:05:36 (3875 turns).

Gargoyl the Skirmisher (Centaur Abyssal Knight)     Turns: 3875, Time: 00:05:37

Health: -12/52     AC:  7    Str: 15    XL:     6   Next: 12%
Magic:  0/17       EV:  7    Int: 11    God:    Lugonu [**....]
Gold:   219        SH:  5    Dex: 13    Spells: 5/5 levels left

rFire    . . .     SeeInvis .   a - +4 hand axe
rCold    . . .     Gourm    .   d - +2 buckler
rNeg     . . .     Faith    .   s - +0 scale mail
rPois    .         Spirit   +   i - +0 helmet
rElec    .         Reflect  .   r - scarf {repulsion}
rCorr    .         Harm     .   (no gloves)
MR       .....                  (no barding)
Stlth    ..........             o - amulet of guardian spirit
HPRegen  0.17/turn              k - ring of magical power
MPRegen  0.15/turn              n - +3 ring of dexterity

@: repel missiles, very quick
A: large, hooves 3, deformed body, speed 2, tough skin 3
a: Depart the Abyss, Bend Space, Renounce Religion


You were on level 5 of the Dungeon.
You worshipped Lugonu.
Lugonu was pleased with you.
You were not hungry.

You visited 1 branch of the dungeon, and saw 5 of its levels.
You visited the Abyss 1 time.

You collected 334 gold pieces.
You spent 115 gold pieces at shops.

Inventory:

Hand Weapons
 a - a +4 hand axe (weapon)
Missiles
 e - 2 tomahawks (quivered)
Armour
 d - a +2 buckler (worn)
 i - a +0 helmet (worn)
 r - a scarf of repulsion (worn)
 s - a +0 scale mail (worn)
Jewellery
 k - a ring of magical power (left hand)
 l - an uncursed ring of resist corrosion
 n - a +3 ring of dexterity (right hand)
 o - an amulet of guardian spirit (around neck)
Scrolls
 f - 2 scrolls of identify
 h - 3 scrolls of remove curse
 t - a scroll of teleportation
Potions
 b - a potion of cancellation {unknown}
 g - 2 potions of heal wounds
 j - a potion of might {unknown}
 m - a potion of degeneration {unknown}
 p - 2 potions of ambrosia {unknown}
 q - 2 potions of haste {unknown}
 u - a potion of lignification {unknown}
 v - a potion of curing {unknown}
Comestibles
 c - 7 rations


   Skills:
 + Level 3.9 Fighting
 + Level 3.1 Axes
 * Level 2.7 Armour
 + Level 1.6 Dodging
 + Level 0.6 Shields
 * Level 3.2 Invocations


You had 5 spell levels left.
You didn't know any spells.
Your spell library contained the following spells:

 Spells                   Type           Power        Failure   Level  Hunger
 Confusing Touch          Hex            #.....       89%         1    ##.....
 Confuse                  Hex            #.......     99%         3    ####...
 Gell's Gravitas          Tloc           #.........   99%         3    ####...
 Petrify                  Tmut/Erth      #.......     100%        4    #####..
 Metabolic Englaciation   Hex/Ice        #.........   100%        5    ######.
 Yara's Violent Unravell  Hex/Tmut       #.........   100%        5    ######.


Dungeon Overview and Level Annotations

Branches:
Dungeon (5/15)             Temple (0/1) D:4

Altars:
Makhleb
Okawaru
Ru

Shops:
D:4 ?


Innate Abilities, Weirdness & Mutations

You have hooves in place of feet.
Armour fits poorly on your strangely shaped body.
You cover ground very quickly.
You have extremely tough skin. (AC +3)


Message History

The ogre is heavily wounded.
The ogre hits you with a giant club!
* * * LOW HITPOINT WARNING * * *
You slash the ogre!
The ogre is severely wounded.
The ogre hits you with a giant club!
* * * LOW HITPOINT WARNING * * *
You hit the ogre. Your kick misses the ogre.
The ogre is almost dead.
The ogre barely misses you.
Found a naga barding and 17 gold pieces.
Okay, then.
Unknown command.
An orc comes into view. It is wielding a dagger.
The orc shouts!
Found 13 stones.
Found a stone staircase leading down.
A quokka skeleton comes into view.
A giant cockroach zombie comes into view.
The ogre hits you with a giant club!!
You die...

....>...
..(....$Z#
...o.....### ###
....#......##...
.............. ..
............# (..
.Z..........#....
.#..........#....
......<@.........
.......>O...#.[..
...........## ...
.##.........# .
...........#
###(......<.#
#../.(....#
#.........#
#........##


You could see an ogre, an orc, a giant cockroach zombie and a quokka skeleton.

Vanquished Creatures
  Menkaure (D:4)
  A hound (D:4)
  2 iguanas (D:4)
  An orc wizard (D:2)
  2 adders
  3 worms
  2 dart slugs
  2 leopard geckos
  2 orcs (D:3)
  2 bats
  A giant cockroach (D:3)
  9 goblins
  5 hobgoblins
  4 jackals (D:3)
  5 kobolds
  A quokka (D:3)
  3 frilled lizards (D:2)
  A quokka skeleton (D:4)
  5 rats
52 creatures vanquished.

Notes
Turn   | Place    | Note
-------+----------+-------------------------------------------
     0 | Abyss:1  | Gargoyl the Centaur Abyssal Knight began the quest for the
                  | Orb.
     0 | Abyss:1  | Reached XP level 1. HP: 19/19 MP: 2/2
     9 | Abyss:1  | Found a corrupted altar of Lugonu.
    33 | Abyss:1  | Noticed a smoke demon
    65 | Abyss:1  | Found a corrupted altar of Lugonu.
   111 | Abyss:1  | Found a corrupted altar of Lugonu.
   257 | Abyss:1  | Found a corrupted altar of Lugonu.
   321 | Abyss:1  | Noticed a large abomination
   346 | Abyss:1  | Noticed a large abomination
   366 | Abyss:1  | Noticed a chaos spawn
   476 | Abyss:1  | Noticed a demonic crawler
   483 | D:1      | Escaped the Abyss
  1226 | D:2      | Reached XP level 2. HP: 26/26 MP: 3/3
  1251 | D:2      | Found a sacrificial altar of Ru.
  1261 | D:2      | Reached skill level 1 in Dodging
  1261 | D:2      | Reached XP level 3. HP: 31/31 MP: 4/4
  1375 | D:2      | Reached * piety under Lugonu
  1820 | D:3      | Reached XP level 4. HP: 33/39 MP: 5/5
  2574 | D:3      | Found an iron altar of Okawaru.
  2811 | D:4      | Reached ** piety under Lugonu
  3072 | D:4      | Found a staircase to the Ecumenical Temple.
  3118 | D:4      | Found Fitroth's Magic Scroll Shop.
  3126 | D:4      | Bought a scroll of enchant weapon for 82 gold pieces
  3126 | D:4      | Bought a scroll of teleportation for 33 gold pieces
  3299 | D:4      | Noticed Menkaure
  3308 | D:4      | Killed Menkaure
  3308 | D:4      | Reached XP level 5. HP: 36/46 MP: 4/7
  3449 | D:4      | Reached XP level 6. HP: 52/52 MP: 8/8
  3523 | D:4      | Found a burning altar of Makhleb.
  3523 | D:4      | Noticed an Executioner
  3526 | D:4      | Noticed an orange demon
  3526 | D:4      | Noticed an orange demon
  3858 | D:5      | Entered Level 5 of the Dungeon
  3875 | D:5      | Mangled by an ogre

Skill      XL: |  1  2  3  4 |
---------------+-------------+-----
Axes           | 2 3 |  3.1
Dodging        | 1 |  1.6
Armour         | 2 |  2.7
Invocations    | 3 |  3.2
Fighting       | |  3.9
Shields        | |  0.6

Action                   |  1- 3 |  4- 6 || total
-------------------------+-------+-------++-------
Melee: Hand axe          |    70 |    86 ||   156
       Kick              |    18 |    19 ||    37
Throw: Tomahawk          |       |     3 ||     3
Invok: Depart the Abyss  |     1 |       ||     1
  Use: Scroll            |     6 |     7 ||    13
       Potion            |     1 |     1 ||     2
 Stab: Paralysed         |     1 |       ||     1
  Eat: Chunk             |     1 |     2 ||     3
       Ration            |       |     1 ||     1
Armor: Leather armour    |    26 |    27 ||    53
       Scale mail        |       |     9 ||     9
Dodge: Dodged            |    18 |    26 ||    44
Block: Buckler           |    14 |    19 ||    33
